 Dungeon Crawl Stone Soup version 0.22.0 (webtiles) character file.

467 BigChef the Conjurer (level 7, 0/43 HPs)
             Began as an Octopode Conjurer on Aug 12, 2018.
             Was an Initiate of Nemelex Xobeh.
             Slain by NervFog's ghost (8 damage)
             ... on level 4 of the Dungeon.
             The game lasted 00:15:54 (4147 turns).

BigChef the Conjurer (Octopode Conjurer)            Turns: 4147, Time: 00:15:55

Health: 0/43       AC:  1    Str:  8    XL:     7   Next: 8%
Magic:  13/13      EV: 13    Int: 19    God:    Nemelex Xobeh [......]
Gold:   300        SH:  0    Dex: 12    Spells: 13/14 levels left

rFire    . . .     SeeInvis .   c - +0 rapier
rCold    . . .     Gourm    .   (no shield)
rNeg     . . .     Faith    .   (helmet restricted)
rPois    .         Spirit   .   a - amulet of regeneration
rElec    .         Reflect  .   (no ring)
rCorr    .         Harm     .   (no ring)
MR       .....                  (no ring)
Stlth    +++.......             (no ring)
HPRegen  0.54/turn              (no ring)
MPRegen  0.13/turn              (no ring)
                                (no ring)
                                (no ring)

@: no status effects
A: almost no armour, stealthy swim, amphibious, 8 rings, constrict 8, camouflage
1, gelatinous body 1
a: Renounce Religion


You were on level 4 of the Dungeon.
You worshipped Nemelex Xobeh.
Nemelex Xobeh was noncommittal.
You were full.

You visited 1 branch of the dungeon, and saw 4 of its levels.

You collected 300 gold pieces.

Inventory:

Hand Weapons
 c - a +0 rapier (weapon)
 d - a +0 dagger
Jewellery
 a - an amulet of regeneration (around mantle)
 u - an uncursed amulet of rage {unknown}
 x - a cursed amulet of magic regeneration {unknown}
Wands
 k - a wand of disintegration (11)
Scrolls
 v - a scroll of remove curse
 w - a scroll of identify
Potions
 e - a potion of ambrosia {unknown}
 f - a potion of flight {unknown}
 g - 2 potions of agility
 h - a potion of heal wounds {unknown}
 i - 2 potions of curing
 j - a potion of brilliance {unknown}
 m - a potion of degeneration {unknown}
 q - 2 potions of resistance
 t - a potion of might {unknown}
Miscellaneous
 r - a plain deck of destruction
Comestibles
 b - 3 rations


   Skills:
 + Level 1.1 Fighting
 + Level 0.9 Short Blades
 + Level 2.5 Dodging
 + Level 3.3 Stealth
 + Level 0.6 Unarmed Combat
 + Level 4.2 Spellcasting
 + Level 6.2 Conjurations
 + Level 0.3 Evocations


You had 13 spell levels left.
You knew the following spells:

 Your Spells              Type           Power        Failure   Level  Hunger
a - Magic Dart            Conj           ####         1%          1    None

Your spell library contained the following spells:

 Spells                   Type           Power        Failure   Level  Hunger
 Iskenderun's Mystic Bla  Conj           ####....     10%         4    ####...
 Fulminant Prism          Conj/Hex       ###.......   36%         4    ####...
 Dazzling Spray           Conj/Hex       ###...       11%         3    ###....
 Force Lance              Conj/Tloc      ###.....     36%         4    ####...
 Searing Ray              Conj           ####..       1%          2    #......


Dungeon Overview and Level Annotations

Branches:
Dungeon (4/15)             Temple (0/1) D:4

Altars:
Dithmenos
Fedhas
Nemelex Xobeh
Trog

Annotations:
D:4 Caerwyn's ghost, novice NaTm; NervFog's ghost, amateur TeMo; auberdahn's ghost, amateur DECj; smop's ghost, amateur MiBe


Innate Abilities, Weirdness & Mutations

You cannot wear most types of armour.
You are very stealthy in the water. (Stealth+)
You are amphibious.
You can wear up to eight rings at the same time.
You can use your tentacles to constrict eight enemies at once.
Your skin changes colour to match your surroundings (Stealth+).
Your rubbery body absorbs attacks. (AC +1, EV +1)


Message History

You hit NervFog's ghost but do no damage.
NervFog's ghost is almost destroyed.
Smop's ghost hits you but does no damage.
NervFog's ghost hits you but does no damage.
You barely miss NervFog's ghost.
NervFog's ghost is almost destroyed.
Smop's ghost hits you.
NervFog's ghost hits you but does no damage.
You barely miss NervFog's ghost.
NervFog's ghost is almost destroyed.
You feel less wooden. Smop's ghost hits you.
* * * LOW HITPOINT WARNING * * *
NervFog's ghost hits you.
* * * LOW HITPOINT WARNING * * *
x2 You feel better.
Smop's ghost hits you.
* * * LOW HITPOINT WARNING * * *
NervFog's ghost hits you!
You die...
Your body disappears without a glow.

#..........###.###..#......##...#
...#...###.....#....#....8##'...#
...............#....#$8$.##.#...#
#..#..##.#####......######..#...#
......##.# #........##+##.......
#..#.###.####........##.##.......
.....# #.#.......######.##.......
.....# #.......WW######..........
.....####.......@##...#####......
#......##..###...####...# #..b...
........................# #......
#.#..####...............# #......
.....##..........##.....# #......
#.#............##################
..#...###...#....................
#.###.###...#..#...#...#...#...#.
#................................


You could see NervFog's ghost and smop's ghost.

Vanquished Creatures
  Eustachio (D:4)
  An ogre (D:4)
  An orc priest (D:4)
  A worker ant (D:4)
  10 adders
  A gnoll (D:1)
  2 oozes (D:1)
  A worm (D:2)
  2 dart slugs
  8 orcs
  5 giant cockroaches
  6 hobgoblins
  2 jackals (D:1)
  6 kobolds
  2 quokkas (D:2)
  A ball python (D:2)
  9 bats
  9 frilled lizards
  6 goblins
  8 rats
82 creatures vanquished.

Notes
Turn   | Place    | Note
-------+----------+-------------------------------------------
     0 | D:1      | BigChef the Octopode Conjurer began the quest for the Orb.
     0 | D:1      | Reached XP level 1. HP: 11/11 MP: 3/3
   252 | D:1      | Reached XP level 2. HP: 17/17 MP: 3/5
   762 | D:1      | Reached XP level 3. HP: 21/21 MP: 0/6
  1346 | D:2      | Reached XP level 4. HP: 18/27 MP: 2/7
  1870 | D:2      | Found a shadowy altar of Dithmenos.
  1875 | D:2      | Reached skill level 5 in Conjurations
  2079 | D:2      | Found a faded altar of an unknown god.
  2217 | D:2      | Reached XP level 5. HP: 23/31 MP: 3/9
  2324 | D:2      | Found a blossoming altar of Fedhas.
  2897 | D:3      | Found a bloodstained altar of Trog.
  3143 | D:4      | Noticed an ogre
  3373 | D:4      | Found a sparkling altar of Nemelex Xobeh.
  3386 | D:4      | Became a worshipper of Nemelex Xobeh the Trickster
  3424 | D:4      | Noticed Eustachio
  3448 | D:4      | Reached XP level 6. HP: 30/36 MP: 3/11
  3459 | D:4      | Killed Eustachio
  3459 | D:4      | Reached skill level 6 in Conjurations
  3593 | D:4      | Found a runed gate.
  3594 | D:4      | Found a runed gate.
  3595 | D:4      | Found a runed gate.
  3596 | D:4      | Noticed Caerwyn's ghost (novice NaTm)
  3597 | D:4      | Noticed NervFog's ghost (amateur TeMo)
  3597 | D:4      | Noticed smop's ghost (amateur MiBe)
  3602 | D:4      | Noticed auberdahn's ghost (amateur DECj)
  3619 | D:4      | Received a gift from Nemelex Xobeh
  3680 | D:4      | Reached skill level 1 in Fighting
  3680 | D:4      | Reached XP level 7. HP: 34/43 MP: 5/13
  3868 | D:4      | Found a staircase to the Ecumenical Temple.
  4147 | D:4      | Slain by NervFog's ghost

Skill      XL: |  1  2  3  4  5  6 |
---------------+-------------------+-----
Stealth        | 3 |  3.3
Conjurations   | 5 6 |  6.2
Spellcasting   | 3 4 |  4.2
Fighting       | 1 |  1.1
Short Blades   | |  0.9
Dodging        | |  2.5
Unarmed Combat | |  0.6
Evocations     | |  0.3

Action                   |  1- 3 |  4- 6 |  7- 9 || total
-------------------------+-------+-------+-------++-------
Melee: Unarmed           |    11 |       |       ||    11
       Constrict         |     8 |     2 |       ||    10
       Tentacles         |     4 |     2 |     1 ||     7
       Dagger            |    22 |     4 |       ||    26
       Rapier            |       |       |    37 ||    37
 Cast: Magic Dart        |    72 |   106 |     9 ||   187
Evoke: Wand              |       |     5 |     1 ||     6
  Use: Scroll            |     4 |     5 |     5 ||    14
       Potion            |       |       |     4 ||     4
  Eat: Chunk             |     1 |     7 |       ||     8
       Ration            |       |       |     2 ||     2
Armor: Skin              |     9 |     2 |    41 ||    52
Dodge: Dodged            |    39 |    26 |     7 ||    72
